[Event "Titled Tuesday Blitz June 13 Early 2023"]
[White "Skawinski, Arkadiusz"]
[Black "Buchenau, Frank"]
[WhiteFideId "1126415"]
[BlackFideId "4604350"]
[WhiteElo "2218"]
[BlackElo "2157"]
[Result "1-0"]
[Round "5"]
[TimeControl "180+2"]
[Date "2023.06.13"]
[WhiteClock "0:00:35"]
[BlackClock "0:00:00"]
[Board "117"]

1. e4 e6 2. d4 d5 3. e5 c5 4. c3 Qb6 5. Nf3 Bd7 6. a3 Bb5 7. c4 Bxc4 8. Bxc4 dxc4 9. d5 Qb3 10. Qxb3 cxb3 11. dxe6 fxe6 12. Nbd2 Ne7 13. Nxb3 Nd5 14. Bg5 h6 15. Bh4 Nc6 16. O-O-O g5 17. Bg3 O-O-O 18. h4 g4 19. Nfd2 Be7 20. Ne4 b6 21. Rhe1 Rhf8 22. Nbd2 h5 23. Nc4 Kc7 24. Ncd6 Nd4 25. Kb1 Nf5 26. Rd2 Nxh4 27. Nf6 Nxf6 28. exf6 Bxd6 29. Bxh4 e5 30. Red1 Rf7 31. Bg5 Rfd7 32. Kc2 Bf8 33. Rxd7+ Rxd7 34. Rh1 Rh7 35. Kd3 Kd7 36. Ke4 Ke6 37. Rd1 Bh6 38. Bh4 b5 39. Rd5 Rc7 40. Rxe5+ Kf7 41. Rxh5 Kg6 42. Re5 a6 43. Kd5 c4 44. Re6 Bf4 45. Rxa6 c3 46. bxc3 Rxc3 47. Ra7 Rb3 48. Rg7+ Kf5 49. f7 Rd3+ 50. Kc6 Bd6 51. Rg8 Ke6 52. Rg6+ Kxf7 53. Rxd6 1-0


[Site "https://www.chess.com"]

[Event "Titled Tuesday Blitz June 13 Early 2023"]
[White "Garcia Cuenca, Victor"]
[Black "Lymar, Vladislav"]
[WhiteFideId "2250829"]
[BlackFideId "14162180"]
[WhiteElo "2329"]
[BlackElo "2234"]
[Result "1-0"]
[Round "5"]
[TimeControl "180+2"]
[Date "2023.06.13"]
[WhiteClock "0:00:42"]
[BlackClock "0:00:06"]
[Board "118"]

1. Nf3 d5 2. b3 c5 3. Bb2 Nc6 4. e3 a6 5. d4 Nf6 6. Be2 e6 7. O-O Be7 8. Nbd2 O-O 9. dxc5 Bxc5 10. a3 b5 11. c4 bxc4 12. bxc4 Bb7 13. Qb3 Na5 14. Qa2 Ne4 15. Nxe4 dxe4 16. Rad1 Qc7 17. Nd4 Nc6 18. Nb3 Bd6 19. h3 Rfd8 20. Qa1 f6 21. c5 Be5 22. Bc4 Qe7 23. Nd4 Nxd4 24. exd4 Bf4 25. Bc1 Bc7 26. Be3 f5 27. Qc1 Bd5 28. Bg5 Qd7 29. Bxd8 Rxd8 30. Bxa6 f4 31. Bc4 f3 32. Bxd5 exd5 33. Qg5 fxg2 34. Kxg2 Rf8 35. Qg4 Qc6 36. Kh1 Rf4 37. Qc8+ Kf7 38. Rb1 Rf3 39. Rb7 Kg6 40. Rxc7 Rxh3+ 41. Kg2 Qf6 42. Qxh3 1-0


[Site "https://www.chess.com"]

[Event "Titled Tuesday Blitz June 13 Early 2023"]
[White "Nikologorsky, Matfei"]
[Black "Pinheiro, Iung Alicio de O."]
[WhiteFideId "24102474"]
[BlackFideId "2104350"]
[WhiteElo "2153"]
[BlackElo "2283"]
[Result "0-1"]
[Round "5"]
[TimeControl "180+2"]
[Date "2023.06.13"]
[WhiteClock "0:00:04"]
[BlackClock "0:00:05"]
[Board "119"]

1. e4 e5 2. Nf3 Nc6 3. Bb5 a6 4. Ba4 d6 5. O-O Bd7 6. c3 Nge7 7. d4 Ng6 8. b4 Be7 9. Bxc6 Bxc6 10. d5 Bb5 11. Re1 O-O 12. a4 Bd7 13. Nbd2 f5 14. exf5 Bxf5 15. Nf1 Bg4 16. N1d2 Nh4 17. h3 Nxf3+ 18. Nxf3 Bxf3 19. gxf3 Bg5 20. Re4 Bxc1 21. Rxc1 Qf6 22. Kg2 Rf7 23. c4 Raf8 24. Rc3 h5 25. c5 Qg6+ 26. Kh2 Rf5 27. Re1 Qf6 28. cxd6 cxd6 29. Ree3 Rg5 30. Rc4 Qg6 31. Qf1 Kh7 32. b5 axb5 33. axb5 Rf6 34. b6 Qf5 35. Rec3 Rfg6 36. Rc7 Qf4+ 37. Kh1 Qh4 38. Kh2 Qf4+ 39. Kh1 Qf5 40. Kh2 Qf6 41. R7c4 Rf5 42. Qe2 Qg5 43. Qf1 Rf4 44. Rxf4 Qxf4+ 45. Kh1 e4 46. fxe4 Qxe4+ 47. f3 Qxd5 48. Qd3 Qg5 49. Qf1 Qd2 50. Rd3 Qf4 51. Rc3 Qg3 52. Rc4 Kh6 53. Qc1+ Rg5 54. Qf1 g6 55. Re4 Rf5 56. Re3 Qf4 57. Rd3 Kg5 58. Qg2+ Kh6 59. Rd1 Rg5 60. Qf2 Rg3 61. Qd2 Rxf3 62. Qxf4+ Rxf4 63. Rxd6 Rb4 64. Kg2 Kg5 65. Kg3 Rb3+ 66. Kg2 Kf5 67. Kh2 g5 68. Kg2 h4 69. Kh2 Rb2+ 70. Kg1 Kf4 71. Kf1 Kg3 72. Rd5 g4 73. hxg4 h3 74. Rd3+ Kh4 75. Kg1 Rxb6 76. Rd4 Rb2 77. Kh1 Kg3 78. Rd3+ Kxg4 79. Rd4+ Kf5 80. Rd8 h2 81. Rh8 b5 82. Rf8+ Ke5 83. Re8+ Kd4 84. Rd8+ Kc5 85. Rc8+ Kb4 86. Rg8 Ka4 87. Ra8+ Kb3 88. Rb8 b4 89. Rc8 Ka2 90. Ra8+ Kb1 91. Rc8 Rc2 92. Rb8 Rc4 93. Ra8 b3 94. Rb8 b2 95. Kxh2 Kc2 0-1


[Site "https://www.chess.com"]

[Event "Titled Tuesday Blitz June 13 Early 2023"]
[White "Zavgorodniy, Sergiy"]
[Black "Lopez Idarraga, Daniel Eduardo"]
[WhiteFideId "14110148"]
[BlackFideId "4405501"]
[WhiteElo "2402"]
[BlackElo "1980"]
[Result "0-1"]
[Round "5"]
[TimeControl "180+2"]
[Date "2023.06.13"]
[WhiteClock "0:00:12"]
[BlackClock "0:00:32"]
[Board "120"]

1. d4 Nf6 2. c4 g6 3. Nc3 Bg7 4. e4 d6 5. Be2 O-O 6. Nf3 Bg4 7. Ng1 Bc8 8. Nf3 Bg4 9. O-O Nc6 10. Be3 Nd7 11. d5 Bxf3 12. gxf3 Ncb8 13. f4 Nc5 14. f3 Nbd7 15. h4 e6 16. Qe1 exd5 17. cxd5 h5 18. b4 Bxc3 19. Qxc3 Qxh4 20. Bf2 Qxf4 21. bxc5 Nxc5 22. Qc1 Qf6 23. Bxc5 dxc5 24. Qxc5 Qg5+ 25. Kf2 Qh4+ 26. Ke3 Rfe8 27. Rad1 Qg5+ 28. f4 Qg3+ 29. Rf3 Qh2 30. e5 g5 31. Qxc7 Rac8 32. Qd6 g4 33. Rff1 Qg3+ 34. Ke4 Qg2+ 35. Ke3 Qg3+ 36. Ke4 Qg2+ 37. Kf5 Qxe2 38. Kg5 g3 39. Kh6 g2 40. Qf6 Qg4 41. Rg1 h4 42. d6 Re6 43. f5 Rxf6+ 44. exf6 h3 45. d7 Qh4# 0-1


[Site "https://www.chess.com"]

[Event "Titled Tuesday Blitz June 13 Early 2023"]
[White "Parondo, Rolly"]
[Black "Koridze, Lile"]
[WhiteFideId "5217407"]
[BlackFideId "13612514"]
[WhiteElo "2141"]
[BlackElo "2047"]
[Result "1-0"]
[Round "5"]
[TimeControl "180+2"]
[Date "2023.06.13"]
[WhiteClock "0:01:16"]
[BlackClock "0:00:05"]
[Board "121"]

1. d4 Nf6 2. Bf4 d5 3. e3 c5 4. c3 a6 5. Nf3 Nc6 6. Nbd2 Bf5 7. dxc5 e6 8. b4 Be7 9. Be2 O-O 10. O-O h6 11. h3 a5 12. a3 Nd7 13. Nd4 Bg6 14. Bg3 e5 15. Nxc6 bxc6 16. Nb3 Qc7 17. Bd3 f5 18. Bh2 Bf6 19. Nd4 Qd8 20. Nxc6 Qc7 21. Nd4 Rae8 22. Nxf5 Qc6 23. Nxh6+ gxh6 24. Bxg6 Re7 25. Bf5 Rg7 26. Bg3 d4 27. e4 axb4 28. axb4 Bg5 29. cxd4 Bf4 30. Bxf4 exf4 31. Qf3 Rxf5 32. d5 Ne5 33. dxc6 Nxf3+ 34. Kh1 Rh5 35. c7 Rxc7 36. gxf3 Rxh3+ 37. Kg2 Rh5 38. Rg1 Kf7 39. Kf1 Rb7 40. Ra4 Ke6 41. Ke2 Ke5 42. Rd1 Rg5 43. Rd5+ Ke6 44. Ra6+ Ke7 45. Rxg5 hxg5 46. Rb6 1-0


[Site "https://www.chess.com"]

[Event "Titled Tuesday Blitz June 13 Early 2023"]
[White "Parpiev, Isaak"]
[Black "Itkis, Boris"]
[WhiteFideId "34281576"]
[BlackFideId "1209167"]
[WhiteElo "2167"]
[BlackElo "2219"]
[Result "0-1"]
[Round "5"]
[TimeControl "180+2"]
[Date "2023.06.13"]
[WhiteClock "0:00:05"]
[BlackClock "0:00:16"]
[Board "122"]

1. Nf3 d5 2. b3 c5 3. e3 Nc6 4. Bb2 f6 5. d4 Bg4 6. Be2 cxd4 7. exd4 e6 8. O-O Bd6 9. h3 Bh5 10. c4 Nge7 11. a3 O-O 12. c5 Bc7 13. b4 a6 14. Nbd2 e5 15. dxe5 fxe5 16. Ng5 Bxe2 17. Qxe2 Qd7 18. Qd3 Rf5 19. Nxh7 Rd8 20. g4 e4 21. Nxe4 dxe4 22. Qxd7 Rxd7 23. gxf5 Kxh7 24. Rad1 Nd5 25. Rfe1 Bd8 26. Rxe4 Bf6 27. Bxf6 gxf6 28. Re6 Kg7 29. Re2 Kf7 30. Red2 Nce7 31. Kf1 Rd8 32. a4 Ke8 33. b5 Rd7 34. bxa6 bxa6 35. Rd3 Kd8 36. h4 Kc7 37. h5 Kc6 38. h6 Rd8 39. h7 Rh8 40. Rh3 Nxf5 41. Rh5 Nfe7 42. Re1 f5 43. Re6+ Kxc5 44. Rxa6 Kd4 45. Kg2 Nf4+ 46. Kf1 Nxh5 0-1


[Site "https://www.chess.com"]

[Event "Titled Tuesday Blitz June 13 Early 2023"]
[White "Torres Hernandez, Leslie Carolin"]
[Black "Liu, Casper"]
[WhiteFideId "8400504"]
[BlackFideId "1454153"]
[WhiteElo "1920"]
[BlackElo "2221"]
[Result "1-0"]
[Round "5"]
[TimeControl "180+2"]
[Date "2023.06.13"]
[WhiteClock "0:00:08"]
[BlackClock "0:02:12"]
[Board "123"]

1. e4 Nc6 2. Nf3 d6 3. Nc3 g6 4. d4 Bg7 5. Bc4 Bg4 6. Be3 e6 7. Qd2 a6 8. a3 Nf6 9. h3 Bxf3 10. gxf3 d5 11. Bb3 O-O 12. e5 Nd7 13. f4 Ne7 14. Ne2 h5 15. c3 Rc8 16. Bc2 c5 17. Rg1 Qb6 18. Ba4 Qc7 19. Bxd7 Qxd7 20. dxc5 Nf5 21. Nd4 Nh4 22. b4 f6 23. exf6 Bxf6 24. O-O-O Qa4 25. Kb2 b6 26. Nxe6 bxc5 27. Qxd5 cxb4 28. Nc5+ Kg7 29. Nxa4 bxc3+ 30. Nxc3 Rxc3 31. Bd4 Rc7 32. Bxf6+ Rxf6 33. Qe5 Rb7+ 34. Ka2 Nf5 35. Rc1 Re7 36. Rc7 Kf7 37. Rxe7+ Nxe7 38. Re1 Nf5 39. Qe8+ Kg7 40. Re6 Rf7 41. Rxa6 Nh6 42. Qe5+ Kh7 43. Rc6 Rf8 44. Rc7+ Nf7 45. Qf6 Kg8 46. Qxg6+ Kh8 47. Rxf7 Ra8 48. Qh7# 1-0


[Site "https://www.chess.com"]

[Event "Titled Tuesday Blitz June 13 Early 2023"]
[White "MKlose11"]
[Black "Begunov, Konstantin"]
[BlackFideId "4118510"]
[WhiteElo "2536"]
[BlackElo "1993"]
[Result "1-0"]
[Round "5"]
[TimeControl "180+2"]
[Date "2023.06.13"]
[WhiteClock "0:01:20"]
[BlackClock "0:00:14"]
[Board "124"]

1. e4 c5 2. Nc3 d6 3. g3 Nc6 4. d3 g6 5. Bg2 Bg7 6. Be3 Rb8 7. Qd2 b5 8. Nge2 b4 9. Nd1 e6 10. O-O Qc7 11. h3 Bd7 12. g4 h5 13. g5 Nge7 14. f4 O-O 15. h4 a5 16. Ng3 a4 17. f5 exf5 18. exf5 Nxf5 19. Nxf5 Bxf5 20. Rxf5 gxf5 21. Bd5 Ne7 22. Bf3 a3 23. Rb1 Ng6 24. Bf2 Bd4 25. Ne3 f4 26. Nd5 Nxh4 27. Qxf4 Nxf3+ 28. Qxf3 Qc8 29. Ne7+ Kg7 30. Nxc8 Rbxc8 31. Bxd4+ cxd4 32. Qf6+ Kg8 33. bxa3 Rxc2 34. axb4 Re8 35. g6 fxg6 36. Qxg6+ Kf8 37. Rf1+ 1-0


[Site "https://www.chess.com"]

[Event "Titled Tuesday Blitz June 13 Early 2023"]
[White "Bethke, Richard"]
[Black "Ozalp, Burak"]
[WhiteFideId "12959243"]
[BlackFideId "6314210"]
[WhiteElo "2369"]
[BlackElo "2106"]
[Result "0-1"]
[Round "5"]
[TimeControl "180+2"]
[Date "2023.06.13"]
[WhiteClock "0:02:21"]
[BlackClock "0:01:45"]
[Board "125"]

1. e4 c6 2. Nf3 d5 3. Nc3 dxe4 4. Nxe4 Nf6 5. Qe2 Nxe4 6. Qxe4 Nd7 7. Bc4 Nf6 8. Ne5 e6 9. Qe2 Bd6 10. O-O O-O 11. d4 Qc7 12. Bg5 Nd5 13. Bh4 b6 14. Bg3 Bb7 15. Rfd1 Rac8 16. Bd3 c5 17. dxc5 Qxc5 18. c4 Nb4 19. Nd7 Qc6 20. Bxd6 Qxg2# 0-1


[Site "https://www.chess.com"]

[Event "Titled Tuesday Blitz June 13 Early 2023"]
[White "Goldin, Roman"]
[Black "Sowul, Bartosz"]
[WhiteFideId "2803860"]
[BlackFideId "1137590"]
[WhiteElo "2312"]
[BlackElo "2188"]
[Result "0-1"]
[Round "5"]
[TimeControl "180+2"]
[Date "2023.06.13"]
[WhiteClock "0:00:00"]
[BlackClock "0:00:09"]
[Board "126"]

1. Nf3 c5 2. e4 d6 3. Bc4 Nf6 4. e5 dxe5 5. Nxe5 e6 6. Qe2 a6 7. a4 Qc7 8. d3 Bd6 9. f4 Nc6 10. Nxc6 Qxc6 11. Nc3 O-O 12. O-O b6 13. Ne4 Be7 14. Bd2 Bb7 15. Rae1 b5 16. Ba2 Rad8 17. Ng5 c4 18. dxc4 bxc4 19. Bc3 h6 20. Nxe6 fxe6 21. Qxe6+ Qxe6 22. Rxe6 Bc5+ 23. Kh1 Bd5 24. Rxa6 Ng4 25. h3 Ne3 26. Rg6 Rf7 27. Rf2 Nd1 28. Rd2 Nxc3 29. bxc3 Rxf4 30. Rxd5 Rxd5 31. a5 Rf1+ 32. Kh2 Bd6+ 33. Rxd6 Rxd6 34. Bxc4+ Kh8 35. Bxf1 Rd7 36. Bd3 Rc7 37. a6 Rxc3 38. Kg3 Kg8 39. Kf4 Kf8 40. Ke5 Ke7 41. Kd5 Kd7 42. Bb5+ Kc7 43. Kd4 Ra3 44. Bd3 Kb6 45. Ke5 Ra5+ 46. Ke6 Rg5 47. g4 h5 48. Bf5 Kxa6 49. h4 Rxg4 0-1


[Site "https://www.chess.com"]

[Event "Titled Tuesday Blitz June 13 Early 2023"]
[White "Bashkansky, Ethan"]
[Black "brm72"]
[WhiteFideId "2071533"]
[WhiteElo "2319"]
[BlackElo "2532"]
[Result "1-0"]
[Round "5"]
[TimeControl "180+2"]
[Date "2023.06.13"]
[WhiteClock "0:00:08"]
[BlackClock "0:00:08"]
[Board "127"]

1. d4 Nf6 2. c4 g6 3. Nc3 d5 4. cxd5 Nxd5 5. Bd2 Nb6 6. Nf3 Nc6 7. e3 Bg7 8. Bb5 O-O 9. O-O Bd7 10. Rc1 a6 11. Be2 Re8 12. b3 Rc8 13. h3 h6 14. Re1 Kh7 15. Qc2 e5 16. dxe5 Nxe5 17. Nxe5 Bxe5 18. Bf3 c6 19. Ne4 Bf5 20. Red1 Qe7 21. Qc5 Nd5 22. Qxe7 Rxe7 23. Nc3 Nf6 24. Na4 Rd8 25. Bc3 Rxd1+ 26. Rxd1 Bxc3 27. Nxc3 Kg7 28. Na4 Nd7 29. Rd2 Ne5 30. Be2 Bb1 31. a3 Rd7 32. Rxd7 Nxd7 33. b4 Kf6 34. Kf1 Bc2 35. Nc3 Ne5 36. Ke1 Bd3 37. Kd2 Bxe2 38. Kxe2 Nc4 39. a4 Ke5 40. f4+ Kd6 41. Kd3 Nb2+ 42. Kc2 Nc4 43. Kd3 b5 44. a5 f5 45. g4 c5 46. bxc5+ Kxc5 47. gxf5 gxf5 48. e4 fxe4+ 49. Kxe4 Nxa5 50. f5 Kd6 51. Nd5 Nc6 52. f6 Ke6 53. Nc7+ Kxf6 54. Nxa6 Kg5 55. Kf3 Kh4 56. Kg2 b4 57. Nc5 Nd4 58. Nd3 b3 59. Nb2 Kg5 60. Kg3 h5 61. Kf2 Kf4 62. Kg2 Ke3 63. Kg3 Kd2 64. Kh4 Kc3 65. Na4+ Kb4 66. Nb2 Ka3 67. Nc4+ Kb4 68. Nb2 Ne6 69. Kxh5 Nf4+ 70. Kg4 Nd5 71. h4 Nb6 72. h5 Kc3 73. Nd1+ Kc2 74. Ne3+ Kd3 75. Nd1 Na4 76. h6 Kd2 77. h7 Kxd1 78. h8=Q b2 79. Qd4+ Kc2 80. Qxa4+ Kc1 81. Qc4+ Kd2 82. Qb3 Kc1 83. Qc3+ Kb1 84. Kf3 1-0


[Site "https://www.chess.com"]

[Event "Titled Tuesday Blitz June 13 Early 2023"]
[White "Devaev, Alexander"]
[Black "Mayaud, Raphael"]
[WhiteFideId "4169395"]
[BlackFideId "627151"]
[WhiteElo "2172"]
[BlackElo "2191"]
[Result "1-0"]
[Round "5"]
[TimeControl "180+2"]
[Date "2023.06.13"]
[WhiteClock "0:00:39"]
[BlackClock "0:00:00"]
[Board "128"]

1. Nf3 d5 2. c4 c6 3. e3 Nf6 4. b3 g6 5. Bb2 Bg7 6. d4 O-O 7. Nbd2 b6 8. Bd3 Bb7 9. O-O Nbd7 10. Qe2 c5 11. Rfd1 e6 12. Rac1 Qe7 13. Ba3 Rac8 14. h3 Rfd8 15. cxd5 exd5 16. Ba6 Bxa6 17. Qxa6 Rc7 18. Nb1 Ne4 19. Nc3 Nxc3 20. Rxc3 Rdc8 21. Rdc1 Qd8 22. R3c2 cxd4 23. Qxc8 Rxc8 24. Rxc8 1-0


[Site "https://www.chess.com"]

[Event "Titled Tuesday Blitz June 13 Early 2023"]
[White "Zaksaite, Salomeja"]
[Black "Manukian, Artak"]
[WhiteFideId "12801496"]
[BlackFideId "13301373"]
[WhiteElo "2059"]
[BlackElo "2130"]
[Result "0-1"]
[Round "5"]
[TimeControl "180+2"]
[Date "2023.06.13"]
[WhiteClock "0:00:00"]
[BlackClock "0:01:39"]
[Board "129"]

1. d4 Nf6 2. e3 d5 3. Nf3 Bg4 4. b3 e6 5. Bb2 Nbd7 6. h3 Bh5 7. Be2 c5 8. Ne5 Bxe2 9. Qxe2 Nxe5 10. dxe5 Nd7 11. c4 dxc4 12. Qxc4 a6 13. Nd2 b5 14. Qe2 Qc7 15. f4 g6 16. Ne4 Be7 17. Rd1 O-O 18. h4 Rfd8 19. h5 Nf8 20. hxg6 fxg6 21. O-O Rxd1 22. Rxd1 Rd8 23. Rd6 Bxd6 24. exd6 Qc6 25. Nf6+ Kf7 26. Ng4 Qxd6 0-1


[Site "https://www.chess.com"]

[Event "Titled Tuesday Blitz June 13 Early 2023"]
[White "Afanasieva, Alexandra"]
[Black "Brunner, Nicolas"]
[WhiteFideId "34126926"]
[BlackFideId "620246"]
[WhiteElo "1736"]
[BlackElo "2319"]
[Result "0-1"]
[Round "5"]
[TimeControl "180+2"]
[Date "2023.06.13"]
[WhiteClock "0:00:03"]
[BlackClock "0:01:19"]
[Board "130"]

1. e4 e5 2. Nf3 Nf6 3. Nxe5 d6 4. Nf3 Nxe4 5. d4 d5 6. Bd3 Bf5 7. O-O Be7 8. c4 dxc4 9. Bxc4 O-O 10. Nc3 Nd6 11. Bd3 Nd7 12. Bf4 Bxd3 13. Qxd3 c6 14. Rfe1 Nf6 15. Re2 Qd7 16. Rae1 Rfe8 17. Ne5 Qf5 18. Bg3 Bf8 19. Re3 h5 20. h3 Qxd3 21. Nxd3 Rxe3 22. Rxe3 Nf5 23. Re1 Nxd4 24. Be5 Ne6 25. Bxf6 gxf6 26. Ne4 Kg7 27. Ng3 Kg6 28. f4 Nc5 29. f5+ Kg5 30. Nxc5 Bxc5+ 31. Kf1 Bd4 32. Re4 Rd8 33. h4+ Kh6 34. Ne2 Bxb2 35. Ng3 Be5 36. Ne2 Rd2 37. Kf2 Rxa2 38. Kf3 a5 39. g4 hxg4+ 40. Kxg4 a4 41. Nd4 a3 42. Ne6 fxe6 43. fxe6 0-1


[Site "https://www.chess.com"]

[Event "Titled Tuesday Blitz June 13 Early 2023"]
[White "Levitan, Caleb Levi"]
[Black "Horak, Martin"]
[WhiteFideId "14332620"]
[BlackFideId "367095"]
[WhiteElo "1963"]
[BlackElo "2091"]
[Result "1-0"]
[Round "5"]
[TimeControl "180+2"]
[Date "2023.06.13"]
[WhiteClock "0:00:07"]
[BlackClock "0:00:10"]
[Board "131"]

1. e4 e5 2. Nf3 Nc6 3. Bb5 a6 4. Ba4 Nf6 5. Qe2 b5 6. Bb3 Be7 7. c3 d5 8. d3 O-O 9. O-O Bg4 10. h3 Bh5 11. Nbd2 d4 12. Rd1 Re8 13. Nf1 h6 14. Ng3 Bg6 15. Nh4 Bh7 16. Nhf5 Bf8 17. cxd4 Nxd4 18. Nxd4 Qxd4 19. Be3 Qb4 20. Rac1 Rac8 21. Nh5 Nxh5 22. Qxh5 Qe7 23. Rc6 Red8 24. Rxa6 c5 25. Bd5 Rd7 26. Rc1 Kh8 27. Rc6 Rxc6 28. Bxc6 Bg6 29. Qe2 Ra7 30. Bxc5 Qc7 31. Bxf8 Rxa2 32. Qd2 f6 33. Bd5 Qa5 34. Qxa5 Rxa5 35. Rc8 Bh5 36. Bb4+ Kh7 37. Bxa5 Kg6 38. Be6 Kg5 39. g4 Bg6 40. Bd2+ Kh4 41. Kg2 b4 42. f4 b3 43. Be1# 1-0


[Site "https://www.chess.com"]

[Event "Titled Tuesday Blitz June 13 Early 2023"]
[White "Vila Dupla, Aurelio"]
[Black "Toncheva, Nadya"]
[WhiteFideId "2203383"]
[BlackFideId "2924056"]
[WhiteElo "2009"]
[BlackElo "2101"]
[Result "0-1"]
[Round "5"]
[TimeControl "180+2"]
[Date "2023.06.13"]
[WhiteClock "0:00:00"]
[BlackClock "0:00:23"]
[Board "132"]

1. Nf3 c5 2. c4 g6 3. d4 cxd4 4. Nxd4 Bg7 5. e4 Nc6 6. Be3 Nf6 7. Nc3 O-O 8. Be2 d6 9. O-O Bd7 10. f3 Nxd4 11. Bxd4 a5 12. b3 Bc6 13. Qd2 Nd7 14. Be3 Nc5 15. Rab1 Qb6 16. Nd5 Bxd5 17. cxd5 Qb4 18. Rfc1 Rfc8 19. Rc4 Qxd2 20. Bxd2 b5 21. Rc2 b4 22. Bb5 Bd4+ 23. Kf1 Rcb8 24. Bc6 Ra6 25. Ke2 f5 26. exf5 gxf5 27. Bg5 Kf7 28. g4 Rg8 29. h4 Bc3 30. Rf1 e5 31. dxe6+ Kxe6 32. Bb5 Ra7 33. Bc4+ d5 34. gxf5+ Kxf5 35. Bxd5 Re8+ 36. Be4+ Nxe4 37. fxe4+ Kxe4 38. Rf4+ Kd5+ 39. Kf3 Re1 40. Re2 Rxe2 41. Kxe2 Be5 42. Rc4 Rf7 43. Be3 Bd6 44. Rg4 Rc7 45. Rg5+ Ke4 46. Rg4+ Kf5 47. Rc4 Rxc4 48. bxc4 Ke4 49. c5 Bc7 50. Bf2 a4 51. Be1 b3 52. axb3 axb3 53. Kd1 Kd3 54. Kc1 Be5 55. c6 Kc4 56. Kb1 Kb5 57. c7 Bxc7 58. Kb2 Kc4 59. Bf2 Be5+ 60. Kb1 h5 61. Be1 Bc3 62. Bf2 Bf6 63. Be1 Kd3 64. Bg3 Ke2 0-1


[Site "https://www.chess.com"]

[Event "Titled Tuesday Blitz June 13 Early 2023"]
[White "Ciorgovean, Iustin"]
[Black "Jaivardhan Raj"]
[WhiteFideId "1242911"]
[BlackFideId "25744437"]
[WhiteElo "2186"]
[BlackElo "1772"]
[Result "1-0"]
[Round "5"]
[TimeControl "180+2"]
[Date "2023.06.13"]
[WhiteClock "0:00:20"]
[BlackClock "0:00:13"]
[Board "133"]

1. e4 c5 2. Nf3 e6 3. g3 Nc6 4. Bg2 Qc7 5. O-O d6 6. Re1 Nf6 7. c4 Be7 8. Nc3 a6 9. b3 O-O 10. d4 cxd4 11. Nxd4 Bd7 12. a4 Rfd8 13. Ba3 Rac8 14. Rb1 Nxd4 15. Qxd4 Bc6 16. Red1 h6 17. h3 b6 18. Bb4 Qb7 19. Rbc1 Nd7 20. Nd5 Bf8 21. Bc3 Nc5 22. Nf6+ gxf6 23. Qxf6 e5 24. b4 Bg7 25. Qf5 Nxe4 26. b5 axb5 27. axb5 Nxc3 28. Bxc6 Ne2+ 29. Kf1 Rxc6 30. bxc6 Qxc6 31. Kxe2 b5 32. cxb5 Qxb5+ 33. Qd3 Qb2+ 34. Kf1 Qb7 35. Qd5 Qe7 36. Kg2 Qe6 37. Rc6 Qf5 38. Rxd6 Rxd6 39. Qxd6 Bf6 40. Qd3 e4 41. Qd5 Qf3+ 42. Kg1 e3 43. Qxf3 exf2+ 44. Kxf2 Be5 45. Kg2 Bg7 46. Rd5 f6 47. Rf5 Kh7 48. Rxf6 Bxf6 49. Qxf6 Kg8 50. Qxh6 Kf7 51. Qg5 Ke6 52. h4 Kd6 53. h5 Ke6 54. h6 Kd6 55. h7 Ke6 56. Qg7 Kd6 57. h8=Q Ke6 58. Qhf8 Kd5 59. Qge7 Kc4 60. Qfd8 1-0


[Site "https://www.chess.com"]

[Event "Titled Tuesday Blitz June 13 Early 2023"]
[White "Rodchenkov, Sergey D."]
[Black "campochess"]
[WhiteFideId "4168712"]
[WhiteElo "2277"]
[BlackElo "2197"]
[Result "1-0"]
[Round "5"]
[TimeControl "180+2"]
[Date "2023.06.13"]
[WhiteClock "0:00:51"]
[BlackClock "0:00:12"]
[Board "134"]

1. e4 c5 2. Nf3 Nc6 3. d4 cxd4 4. Nxd4 e5 5. Nb5 a6 6. Nd6+ Bxd6 7. Qxd6 Qe7 8. Qd1 Nf6 9. Nc3 d6 10. Bg5 Be6 11. Nd5 Bxd5 12. exd5 Nb8 13. Be2 Nbd7 14. O-O h6 15. Be3 O-O 16. c4 Rac8 17. a4 Ne4 18. f3 Ng5 19. b4 f5 20. Bf2 f4 21. h4 Nf7 22. Bd3 Nh8 23. Rc1 g5 24. Bb1 gxh4 25. Qd3 Rf7 26. c5 Qg5 27. Kh2 Rg7 28. Rg1 dxc5 29. bxc5 Nf6 30. d6 Rd8 31. Qf5 Nf7 32. Qxg5 hxg5 33. Rge1 g4 34. Bxh4 Nh5 35. Bxd8 g3+ 36. Kg1 Nxd8 37. Rxe5 Nf6 38. Re7 Rg5 39. Kf1 Kf8 40. Ba2 Rh5 41. Ke2 b6 42. cxb6 1-0


[Site "https://www.chess.com"]

[Event "Titled Tuesday Blitz June 13 Early 2023"]
[White "Berezin, Viktor"]
[Black "Osuna Vega, Enrique"]
[WhiteFideId "14107872"]
[BlackFideId "2219549"]
[WhiteElo "2310"]
[BlackElo "2186"]
[Result "1-0"]
[Round "5"]
[TimeControl "180+2"]
[Date "2023.06.13"]
[WhiteClock "0:01:20"]
[BlackClock "0:00:00"]
[Board "135"]

1. d4 c6 2. c4 b5 3. e4 bxc4 4. Bxc4 d5 5. Bd3 e6 6. Nf3 Nf6 7. Nc3 Be7 8. O-O h6 9. Bf4 O-O 10. exd5 cxd5 11. Rc1 Ba6 12. Nb5 Bxb5 13. Bxb5 Bd6 14. Ne5 Qb6 15. Bc6 Nxc6 16. Rxc6 Qxc6 17. Nxc6 Bxf4 18. g3 Bd6 19. Qa4 Rfc8 20. b4 Ne4 21. Qa6 Rc7 22. b5 Nd2 23. Rc1 Nc4 24. a4 g6 25. a5 Rac8 26. Nxa7 Ra8 27. b6 1-0


[Site "https://www.chess.com"]

[Event "Titled Tuesday Blitz June 13 Early 2023"]
[White "Castillo Pena, Patricia Evarista"]
[Black "Pham, Le Thao Nguyen"]
[WhiteFideId "6412106"]
[BlackFideId "12401226"]
[WhiteElo "1859"]
[BlackElo "2286"]
[Result "0-1"]
[Round "5"]
[TimeControl "180+2"]
[Date "2023.06.13"]
[WhiteClock "0:00:00"]
[BlackClock "0:00:02"]
[Board "136"]

1. d4 d5 2. Nf3 Nf6 3. e3 Bg4 4. c4 c6 5. Nc3 e6 6. Qb3 Qb6 7. Ne5 Bf5 8. c5 Qc7 9. Bd3 Nbd7 10. Bxf5 exf5 11. f4 g6 12. O-O Bg7 13. Bd2 O-O 14. Be1 Rfe8 15. Bh4 Nxe5 16. Bxf6 Ng4 17. Bxg7 Kxg7 18. Rae1 Nxe3 19. Nb5 cxb5 20. Rxe3 Re4 21. Rxe4 dxe4 22. Qxb5 Rd8 23. Qc4 Qc6 24. Rd1 b5 25. Qc3 Rd5 26. b4 a6 27. g3 f6 28. Kf2 g5 29. Ke3 Kg6 30. Rd2 h5 31. Rg2 Rd8 32. Rd2 Qd5 33. Qb3 Kf7 34. Qxd5+ Rxd5 35. Rg2 Ke6 36. a3 Rd7 37. Rc2 Rc7 38. Ra2 Kd5 39. a4 Kc4 40. axb5 axb5 41. Rb2 Rc8 42. Rd2 Kxb4 43. Rb2+ Kc4 44. Rc2+ Kd5 45. h3 Ra8 46. Rb2 Ra3+ 47. Ke2 Kxd4 48. c6 Rc3 49. Rxb5 Rxc6 50. Rxf5 gxf4 51. gxf4 Rc2+ 52. Kd1 Rh2 53. Rxf6 e3 0-1


[Site "https://www.chess.com"]

[Event "Titled Tuesday Blitz June 13 Early 2023"]
[White "Abduzhaparov"]
[Black "Fus, Jakub"]
[BlackFideId "1193023"]
[WhiteElo "2424"]
[BlackElo "2335"]
[Result "0-1"]
[Round "5"]
[TimeControl "180+2"]
[Date "2023.06.13"]
[WhiteClock "0:00:08"]
[BlackClock "0:00:51"]
[Board "137"]

1. Nf3 d5 2. c4 e6 3. g3 dxc4 4. Bg2 a6 5. a4 Nc6 6. Na3 Na5 7. Ne5 Qd4 8. Nf3 Qb6 9. O-O Nf6 10. Qc2 Bxa3 11. Rxa3 O-O 12. Ne5 Qd4 13. Nf3 Qd6 14. d3 cxd3 15. Rxd3 Qe7 16. Bf4 Nd5 17. Rxd5 exd5 18. Bxc7 Nc6 19. Bb6 Qe4 20. Qd1 Qb4 21. Bc7 Be6 22. Ng5 Rac8 23. Bf4 h6 24. Nxe6 fxe6 25. Bh3 Rce8 26. e4 Qxe4 27. Re1 Qg6 28. Qb3 Rxf4 29. Rxe6 Rxe6 30. Qxd5 Rf6 31. f4 Qf7 32. Bf1 Re1 0-1


[Site "https://www.chess.com"]

[Event "Titled Tuesday Blitz June 13 Early 2023"]
[White "Eugene, Floryan"]
[Black "Grossboss19"]
[WhiteFideId "20694784"]
[WhiteElo "2369"]
[BlackElo "2420"]
[Result "0-1"]
[Round "5"]
[TimeControl "180+2"]
[Date "2023.06.13"]
[WhiteClock "0:01:44"]
[BlackClock "0:00:58"]
[Board "138"]

1. b3 Nc6 2. Bb2 e5 3. e3 d6 4. c4 Nf6 5. Nf3 e4 6. Nd4 Nxd4 7. Bxd4 c5 8. Bb2 Bf5 9. d3 exd3 10. Bxd3 Bxd3 11. Qxd3 Be7 12. Nc3 O-O 13. O-O a6 14. Rfd1 Qc7 15. Rd2 Rad8 16. Rad1 Rd7 17. Qf5 Rfd8 18. Qf3 Qc6 19. Qg3 Bf8 20. Nd5 Nxd5 21. Rxd5 b5 22. h4 bxc4 23. bxc4 Qa4 24. h5 h6 25. Bf6 Rb8 26. Qg4 Rbb7 27. Rxd6 Rxd6 28. Rxd6 Rb1+ 29. Kh2 Bxd6+ 30. g3 Bf8 31. Bxg7 Qd1 32. Qxd1 Rxd1 33. Bc3 Rc1 0-1


[Site "https://www.chess.com"]